 Dungeon Crawl Stone Soup version 0.29.0-4-gdea44cf6ec (webtiles) character file.

Game seed: 17207069535102841954

60 qw the Chopper (level 4, 0/26 HPs)
             Began as a Tengu Warper on Aug 28, 2022.
             Succumbed to a scorpion's poison
             ... on level 3 of the Dungeon.
             The game lasted 00:00:11 (2643 turns).

qw the Chopper (Tengu Warper)                       Turns: 2643, Time: 00:00:12

Health: 0/26       AC:  6    Str: 13    XL:     4   Next: 4%
Magic:  8/8        EV: 11    Int: 13    God:
Gold:   82         SH:  0    Dex: 14    Spells: 7/7 levels left

rFire   . . .      SeeInvis .   Y - +0 war axe
rCold   . . .      Faith    .   (no shield)
rNeg    . . .      Spirit   .   j - +0 ring mail
rPois   .          Reflect  .   (helmet restricted)
rElec   .          Harm     .   (no cloak)
rCorr   .          Rampage  .   f - +0 pair of gloves
Will    .....                   (boots unavailable)
Stlth   +.........              (no amulet)
HPRegen 0.08/turn               (no ring)
MPRegen 0.11/turn               (no ring)

@: lethally poisoned (0 -> -2)
A: beak, talons 3
a: no special abilities


You were on level 3 of the Dungeon.
You visited 1 branch of the dungeon, and saw 3 of its levels.

You collected 82 gold pieces.


Innate Abilities, Weirdness & Mutations

You have a beak for a mouth.
You have claws for feet.


   Skills:
 - Level 2.0 Fighting
 + Level 4.6 Axes
 - Level 1.0 Throwing
 - Level 1.1 Armour
 - Level 2.1 Dodging
 - Level 2.0 Spellcasting
 - Level 2.4 Translocations


You had 7 spell levels left.
You didn't know any spells.
Your spell library contained the following spells:

 Spells                   Type           Power      Damage    Failure   Level
 Blink                    Tloc           14%        N/A       30%         2
 Gell's Gravitas          Tloc           7%         N/A       52%         3
 Lesser Beckoning         Tloc           7%         N/A       52%         3
 Teleport Other           Tloc           7%         N/A       52%         3
 Manifold Assault         Tloc           7%         N/A       99%         5

Inventory:

Hand Weapons
 c - a +2 whip of holy wrath
 Y - a +0 war axe (weapon)
Armour
 f - a +0 pair of gloves (worn)
 j - a +0 ring mail (worn)
Scrolls
 d - 2 scrolls of identify
Potions
 a - a potion of mutation {unknown}
 g - a potion of might {unknown}
 k - a potion of degeneration {unknown}

Dungeon Overview and Level Annotations

Branches:
Dungeon (3/15)

Altars:


Message History

The scorpion is lightly wounded.
The scorpion stings you. The scorpion closely misses you.
You hit the scorpion. You claw the scorpion. Your peck misses the scorpion.
The scorpion is lightly wounded.
The scorpion stings you.
You barely miss the scorpion. You claw the scorpion.
Your punch misses the scorpion.
The scorpion is moderately wounded.
The scorpion misses you. The scorpion stings you.
You closely miss the scorpion.
You claw the scorpion, but do no damage.
You peck the scorpion, but do no damage.
The scorpion is moderately wounded.
The scorpion stings you.
You barely miss the scorpion. Your peck misses the scorpion.
The scorpion is moderately wounded.
The scorpion stings you but does no damage.
The scorpion stings you.
You are lethally poisoned!
The scorpion poisons you!
You hit the scorpion but do no damage. Your kick misses the scorpion.
The scorpion is moderately wounded.
You feel very sick. The scorpion closely misses you.
You hit the scorpion. Your kick misses the scorpion.
The scorpion is heavily wounded.
You feel sick. The scorpion barely misses you. x2
You hit the scorpion. Your kick misses the scorpion.
The scorpion is severely wounded.
You feel sick. The scorpion barely misses you.
You hit the scorpion but do no damage. You claw the scorpion.
The scorpion is almost dead.
You feel sick.
The scorpion stings you but does no damage.
The scorpion barely misses you.
You hit the scorpion but do no damage.
You claw the scorpion, but do no damage.
Your peck misses the scorpion.
The scorpion is almost dead.
You die...

## ######. #.#
##%......
####.###.####...
#.....#s@....[# #.#
#.##.#.#... #.# #.#
.# # #
###.####.##.#
##.####.<.........#
..................#
.................##
...###)##.#.##...#
.#.###.##.#.##...#


You could see a scorpion.

Vanquished Creatures
  2 adders (D:2)
  A worm (D:3)
  2 dart slugs (D:1)
  3 ball pythons
  3 endoplasms
  2 giant cockroaches (D:1)
  2 goblins (D:2)
  2 hobgoblins
  6 jackals
  5 kobolds
  2 quokkas (D:1)
  A bat (D:1)
  2 rats (D:1)
33 creatures vanquished.

Notes
Turn   | Place    | Note
-------+----------+-------------------------------------------
     0 | D:1      | qw the Tengu Warper began the quest for the Orb.
     0 | D:1      | Reached XP level 1. HP: 12/12 MP: 4/4
     0 | D:1      | 0 ||| qw: Version: 0.1-a-89-g26bdef1
     0 | D:1      | 0 ||| qw: Game counter: 1053
     0 | D:1      | 0 ||| qw: Always use a shield: true
     0 | D:1      | 0 ||| qw: God list: Okawaru
     0 | D:1      | 0 ||| qw: Allow faded altars: false
     0 | D:1      | 0 ||| qw: Do Orc after D:15 true
     0 | D:1      | 0 ||| qw: Do second Lair branch before Depths: true
     0 | D:1      | 0 ||| qw: Lair rune preference: random
     0 | D:1      | 0 ||| qw: Plans: Normal
     0 | D:1      | 0 ||| PLANNING D:1-11
   268 | D:1      | Reached skill level 3 in Axes
   268 | D:1      | Reached XP level 2. HP: 17/17 MP: 6/6
   461 | D:1      | 461 ||| Stepping ~*~*~tactically~*~*~ (hiding).
   563 | D:1      | 563 ||| Stepping ~*~*~tactically~*~*~ (hiding).
   665 | D:1      | 665 ||| Stepping ~*~*~tactically~*~*~ (hiding).
   767 | D:1      | 767 ||| Stepping ~*~*~tactically~*~*~ (hiding).
  1379 | D:1      | 1379 ||| UPGRADING to +0 pair of gloves.
  1384 | D:1      | 1384 ||| UPGRADING to +0 ring mail.
  1394 | D:1      | 1394 ||| DROPPING +0 leather armour.
  1395 | D:1      | 1395 ||| READING 2 scrolls labelled JORAT ZUGAJ.
  1398 | D:1      | 1398 ||| READING scroll labelled MIRCHO LURPHUO.
  1399 | D:1      | 1399 ||| READING scroll labelled ZIJUED SYAF.
  1400 | D:1      | 1400 ||| DROPPING scroll of blinking.
  1401 | D:1      | 1401 ||| READING scroll of teleportation.
  1467 | D:2      | Reached XP level 3. HP: 7/21 MP: 7/7
  1757 | D:2      | Reached skill level 4 in Axes
  1759 | D:2      | 1759 ||| DROPPING +0 club.
  1800 | D:2      | 1800 ||| SWAPPING to +0 war axe.
  1825 | D:2      | 1825 ||| DROPPING +0 hand axe.
  2481 | D:2      | 2481 ||| READING 2 scrolls labelled KOMMEE IFOCE.
  2482 | D:2      | 2482 ||| READING scroll labelled FIHOOR AMMOTE.
  2509 | D:3      | Noticed a scorpion
  2510 | D:3      | 2510 ||| Stepping ~*~*~tactically~*~*~ (stealth).
  2517 | D:3      | 2517 ||| Stepping ~*~*~tactically~*~*~ (stealth).
  2519 | D:3      | 2519 ||| Stepping ~*~*~tactically~*~*~ (stealth).
  2523 | D:3      | 2523 ||| Stepping ~*~*~tactically~*~*~ (stealth).
  2528 | D:3      | 2528 ||| Stepping ~*~*~tactically~*~*~ (stealth).
  2569 | D:3      | Reached XP level 4. HP: 19/26 MP: 8/8
  2630 | D:3      | 2630 ||| Stepping ~*~*~tactically~*~*~ (stealth).
  2639 | D:3      | HP: 5/26 [poisoned by a scorpion]
  2641 | D:3      | HP: 2/26 [poisoned by a scorpion]
  2643 | D:3      | Succumbed to a scorpion's poison

Levels and vault maps discovered:
D:1:      minmay_arrival_wavy_path, layout_basic, dk_noncrumbling_3
D:2:      layout_basic, hangedman_decor_push
D:3:      layout_loops_ring

Skill      XL: |  1  2  3 |
---------------+----------+-----
Axes           | 3 4 |  4.6
Fighting       | |  2.0
Throwing       | |  1.0
Armour         | |  1.1
Dodging        | |  2.1
Spellcasting   | |  2.0
Translocations | |  2.4

Action                   |  1- 3 |  4- 6 || total
-------------------------+-------+-------++-------
Melee: Hand axe          |    54 |       ||    54
       Kick              |    18 |     5 ||    23
       Peck              |    12 |     1 ||    13
       Punch             |     1 |     1 ||     2
       War axe           |    36 |    13 ||    49
Throw: Boomerang         |     7 |       ||     7
  Use: Scroll            |     6 |       ||     6
Armor: Leather armour    |    11 |       ||    11
       Ring mail         |    18 |     2 ||    20
Dodge: Dodged            |    37 |    10 ||    47

Table legend:
 A = Non-vault XP
 B = Vault XP
 C = Vault XP percentage of total XP
 D = Non-vault monster count
 E = Vault monster count
 F = Vault count percentage of total count
                 A         B        C        D         E       F
            +---------+---------+-------+---------+---------+-------
      Total |      86 |       0 |   0.0 |      33 |       0 |   0.0
            +---------+---------+-------+---------+---------+-------
        D:1 |      31 |       0 |   0.0 |      16 |       0 |   0.0
        D:2 |      43 |       0 |   0.0 |      12 |       0 |   0.0
        D:3 |      12 |       0 |   0.0 |       5 |       0 |   0.0
            +---------+---------+-------+---------+---------+-------
